 Dungeon Crawl Stone Soup version 0.28.0-53-g5a82cb258f (webtiles) character file.

Game seed: 9705074372627818088

751 clackabat the Cudgeller (level 7, 0/46 HPs)
             Began as a Gargoyle Fighter on July 12, 2022.
             Slain by Duvessa
             ... wielding a +2 short sword of electrocution
              (3 damage)
             ... on level 4 of the Dungeon.
             The game lasted 00:09:21 (4857 turns).

clackabat the Cudgeller (Gargoyle Fighter)          Turns: 4857, Time: 00:09:22

Health: 0/46       AC: 14    Str: 20    XL:     7   Next: 78%
Magic:  7/7        EV:  9    Int:  8    God:
Gold:   168        SH:  4    Dex: 11    Spells: 6/6 levels left

rFire   . . .      SeeInvis .   a - +0 flail
rCold   . . .      Faith    .   c - +0 buckler
rNeg    + + .      Spirit   .   p - +1 scale mail {rN+}
rPois   ∞          Reflect  .   (no helmet)
rElec   +          Harm     .   l - +0 cloak
rCorr   .          Rampage  .   b - +0 pair of gloves
Will    .....                   (no boots)
Stlth   ..........              (no amulet)
HPRegen 0.15/turn               (no ring)
MPRegen 0.10/turn               (no ring)

@: no status effects
A: sickness immunity, AC +4, negative energy resistance 1, electricity
resistance, torment resistance 1, petrification resistance
a: no special abilities


You were on level 4 of the Dungeon.
You visited 1 branch of the dungeon, and saw 4 of its levels.

You collected 168 gold pieces.

Inventory:

Hand Weapons
 a - a +0 flail (weapon)
Missiles
 g - 2 javelins (quivered)
 i - 3 poisoned darts
Armour
 b - a +0 pair of gloves (worn)
 c - a +0 buckler (worn)
 h - the +1 pair of boots "Veuz Reu" {rElec rF- rN++ Dex+2}
   (You found it on level 3 of the Dungeon)

   Dex:       It affects your dexterity (+2).
   rF:        It makes you vulnerable to fire.
   rElec:     It insulates you from electricity.
   rN:        It greatly protects you from negative energy.
 l - a +0 cloak (worn)
 p - a +1 scale mail of positive energy (worn)
Jewellery
 f - a ring of see invisible
Scrolls
 e - a scroll of immolation {unknown}
 n - a scroll of blinking
 r - a scroll of noise {unknown}
Potions
 d - a potion of might
 j - a potion of heal wounds {unknown}
 m - 2 potions of curing
 o - a potion of mutation {unknown}
 q - 2 potions of magic


   Skills:
 + Level 6.2 Fighting
 * Level 7.1 Maces & Flails
 - Level 3.2 Armour
 - Level 3.2 Shields


You had 6 spell levels left.
You didn't know any spells.
Your spell library was empty.

Dungeon Overview and Level Annotations

Branches:
Dungeon (4/15)
 Temple: D:4-7

Altars:
Zin
Beogh

Annotations:
D:4 Dowan, Duvessa


Innate Abilities, Weirdness & Mutations

You are immune to sickness and miasma.
Your stone body is resilient. (AC +4)
You are immune to poison.
You resist negative energy. (rN+)
You are resistant to electric shocks. (rElec)
You are resistant to unholy torment.
You are immune to petrification.


Message History

You sock Duvessa!
Duvessa is severely wounded.
Duvessa hits you but does no damage.
You sock Duvessa!
Duvessa is almost dead.
You closely miss Duvessa.
Duvessa is almost dead.
Duvessa hits you with a +2 short sword of electrocution.
* * * LOW HITPOINT WARNING * * *
You closely miss Duvessa.
Duvessa is almost dead.
Duvessa says, "Beauty is only skin deep, and my weapons penetrate much further than that."
Duvessa hits you with a +2 short sword of electrocution.
* * * LOW HITPOINT WARNING * * *
Dowan hits you with a +0 dagger.
* * * LOW HITPOINT WARNING * * *
You feel better.
Duvessa hits you with a +2 short sword of electrocution.
Dowan hits you but does no damage.
You closely miss Duvessa.
Duvessa is almost dead.
Duvessa gestures with her weapon.
Duvessa hits you with a +2 short sword of electrocution.
* * * LOW HITPOINT WARNING * * *
Dowan gestures at Duvessa while chanting.
Duvessa seems to speed up.
You barely miss Duvessa.
Duvessa is almost dead.
Duvessa hits you but does no damage.
Dowan says, "Magic and the sword, together, will defeat you."
Dowan barely misses you. Duvessa closely misses you.
You hit Duvessa.
Duvessa is almost dead.
Duvessa hits you with a +2 short sword of electrocution!
* * * LOW HITPOINT WARNING * * *
Dowan barely misses you.
You hit Duvessa but do no damage.
Duvessa is almost dead.
Duvessa hits you with a +2 short sword of electrocution.
You die...

#.. ################
#..............# #
#............... #.###
#............... ...
#...............
###.####..............#
#.....e...............#
'......#e@...............'
#.####.#.#...............#
#.#.#..........##....
....#.)#######.##.###
#.###..# .#.##.#..
..#....# ......#.#
####)##...# #... #.#
#<#.#########.# #.#
#.............#####.#


You could see Duvessa (fast) and Dowan.

Vanquished Creatures
  Grinder (D:4)
  A hornet (D:4)
  A scorpion (D:3)
  2 bullfrog skeletons (D:4)
  Terence (D:2)
  2 centaur skeletons (D:4)
  2 gnolls
  4 adders
  An adder skeleton (D:2)
  A worm (D:4)
  4 dart slugs
  10 orcs
  7 bats
  8 endoplasms
  2 giant cockroaches
  7 goblins
  4 hobgoblins
  4 jackals (D:2)
  A quokka (D:1)
  7 ball pythons
  5 frilled lizards
  5 kobolds
  3 rats
83 creatures vanquished.

Notes
Turn   | Place    | Note
-------+----------+-------------------------------------------
     0 | D:1      | clackabat the Gargoyle Fighter began the quest for the Orb.
     0 | D:1      | Reached XP level 1. HP: 14/14 MP: 1/1
   417 | D:1      | Reached XP level 2. HP: 19/19 MP: 2/2
   792 | D:1      | Reached skill level 3 in Maces & Flails
   878 | D:1      | Reached XP level 3. HP: 24/24 MP: 3/3
  1519 | D:2      | Reached XP level 4. HP: 28/29 MP: 4/4
  1863 | D:2      | Noticed Terence
  1883 | D:2      | Killed Terence
  1884 | D:2      | Reached skill level 4 in Maces & Flails
  2399 | D:3      | Noticed a scorpion
  2411 | D:3      | Killed a scorpion
  2412 | D:3      | Reached XP level 5. HP: 33/34 MP: 5/5
  2434 | D:3      | Found a glowing silver altar of Zin.
  2850 | D:3      | Found a faded altar of an unknown god.
  3253 | D:3      | Identified the +1 pair of boots "Veuz Reu" {rElec rF- rN++
                  | Dex+2}
  3642 | D:4      | Reached skill level 5 in Maces & Flails
  3649 | D:4      | Reached XP level 6. HP: 35/40 MP: 6/6
  3673 | D:4      | Noticed Dowan
  3678 | D:4      | Noticed Duvessa
  3997 | D:4      | Reached skill level 5 in Fighting
  3997 | D:4      | Noticed Grinder
  3997 | D:4      | Paralysed by Grinder for 5 turns
  4040 | D:4      | Killed Grinder
  4041 | D:4      | Reached skill level 6 in Maces & Flails
  4041 | D:4      | Reached XP level 7. HP: 9/44 MP: 7/7
  4543 | D:4      | Noticed a hornet
  4563 | D:4      | Killed a hornet
  4564 | D:4      | Reached skill level 7 in Maces & Flails
  4857 | D:4      | Slain by Duvessa

Illustrated notes

Levels and vault maps discovered:
D:1:      dpeg_arrival_tiny_i, layout_basic
D:2:      wander_river, layout_loops_corners, item_on_display_a, uniq_terence
D:3:      layout_loops_corners, mainiacjoe_overflow_chevrons,
          hellmonk_ecumenical_altar_defaced_shrine, kennysheep_generic_room_11
D:4:      layout_basic, minmay_temple_entry_slanted, nicolae_shop_self_help,
          uniq_ijyb, uniq_grinder, uniq_duvessa

Skill      XL: |  1  2  3  4  5  6  7 |
---------------+----------------------+-----
Maces & Flails | 3 4 5 6 7 |  7.1
Fighting       | 4 5 6 |  6.2
Armour         | |  3.2
Shields        | |  3.2

Action                   |  1- 3 |  4- 6 |  7- 9 || total
-------------------------+-------+-------+-------++-------
Melee: Flail             |   119 |   168 |    57 ||   344
Throw: Javelin           |     2 |       |       ||     2
  Use: Scroll            |       |     6 |       ||     6
       Potion            |       |       |     1 ||     1
Armor: Scale mail        |    87 |   100 |    30 ||   217
Dodge: Dodged            |    69 |    84 |    16 ||   169
Block: Buckler           |    26 |    51 |    15 ||    92
